 Dungeon Crawl Stone Soup version 0.30.1-11-g7821555f0a (webtiles) character file.

Game seed: 11780368631295603981

33 leafyfresh the Sneak (level 3, -5/31 HPs)
             Began as a Barachi Delver on Nov 18, 2023.
             Was an Initiate of Ru.
             Slain by an orc
             ... wielding a +0 heavy flail
              (12 damage)
             ... on level 3 of the Dungeon.
             The game lasted 00:00:57 (178 turns).

leafyfresh the Sneak (Barachi Delver)                Turns: 178, Time: 00:00:57

Health: -5/31      AC:  3    Str: 13    XL:     3   Next: 29%
Magic:  3/3        EV: 12    Int: 10    God:    Ru [......]
Gold:   5          SH:  0    Dex: 15    Spells: 2/2 levels left

rFire   . . .        a - +0 short sword
rCold   . . .        (no shield)
rNeg    . . .        b - +0 leather armour
rPois   .            (no helmet)
rElec   .            (no cloak)
rCorr   .            (no gloves)
SInv    .            (no boots)
Will    .....        (no amulet)
Stlth   +++          (no ring)
HPRegen 0.25/turn    (no ring)
MPRegen 0.08/turn

%: no passive effects
@: slow
A: amphibious, slowness 1, strong legs 1, +LOS
a: Hop, Renounce Religion


You were on level 3 of the Dungeon.
You worshipped Ru.
Ru was noncommittal.
You visited 1 branch of the dungeon, and saw 3 of its levels.

You collected 5 gold pieces.

Inventory:

Hand Weapons
 a - a +0 short sword (weapon)
Armour
 b - a +0 leather armour (worn)
Wands
 g - a wand of digging (3)
Scrolls
 c - a scroll of fog
 d - a scroll of magic mapping
Potions
 f - a potion of haste


   Skills:
 + Level 4.4 Fighting
 - Level 2.1 Short Blades
 + Level 3.2 Dodging
 - Level 4.5 Stealth


You had 2 spell levels left.
You didn't know any spells.
Your spell library was empty.

Dungeon Overview and Level Annotations

Branches:
Dungeon (5/15)
 Temple: D:4-7

Altars:
Ru


Innate Abilities, Weirdness & Mutations

You are amphibious.
You cover ground slowly.
You can hop short distances.
You have an extended range of vision and can be seen from far away.


Message History

There is a sacrificial altar of Ru here.
The helpless kobold fails to defend itself.
You puncture the kobold!
You kill the kobold!
No target in view!
There is a sacrificial altar of Ru here.
You kneel at the altar of Ru.
Ru welcomes you!
Something unseen opens the door.
You sense a monster nearby.
No target in view!
An orc comes into view. It is wielding a +0 whip.
You see here a frilled lizard corpse.
An orc comes into view. It is wielding a +0 whip.
Found a golden potion. 2 orcs come into view.
An orc is wielding a +0 heavy flail.
There is an open door here.
There are monsters nearby!
The orc shouts!
You see here a golden potion.
You barely miss the orc.
The orc shouts!
The orc barely misses you. The orc closely misses you.
You hit the orc.
The orc is severely wounded.
The orc barely misses you. The orc hits you with a +0 war axe.
You barely miss the orc.
The orc is severely wounded.
The orc barely misses you. x2; The orc closely misses you.
You hit the orc.
You kill the orc!
The orc hits you but does no damage. The orc hits you with a +0 heavy flail!
You closely miss the orc. You barely miss the orc.
The orc hits you with a +0 war axe. The orc hits you with a +0 heavy flail!
* * * LOW HITPOINT WARNING * * *
You are too injured to fight recklessly!
Unknown command.
The orc barely misses you. The orc hits you with a +0 heavy flail!
You die...

................#
................#
................#
..............#
#............#
#............#
#.....)......####
#...#!o.........#
#..@o.........#
...##.'#######'.
##.....#...#...#
.#......#.†.#...#
#........#.......#
##........###._.###
....o.....#.......#
.........#...#.).#
#.......#)..#...#


You could see 3 orcs.

Vanquished Creatures
  An orc wizard (D:3)
  An orc (D:3)
  A goblin (D:3)
  A hobgoblin (D:3)
  A quokka (D:3)
  A ball python (D:3)
  A frilled lizard (D:3)
  A kobold (D:3)
8 creatures vanquished.

Notes
Turn   | Place    | Note
-------+----------+-------------------------------------------
     0 | D:5      | leafyfresh the Barachi Delver began the quest for the Orb.
     0 | D:5      | Reached XP level 1. HP: 18/18 MP: 1/1
    10 | D:5      | Noticed a scorpion
    18 | D:4      | Noticed a jelly
   101 | D:3      | Found a sacrificial altar of Ru.
   101 | D:3      | Noticed an orc wizard
   122 | D:3      | Killed an orc wizard
   123 | D:3      | Reached XP level 2. HP: 16/26 MP: 2/2
   123 | D:3      | Reached XP level 3. HP: 19/31 MP: 3/3
   134 | D:3      | Became a worshipper of Ru the Awakened
   178 | D:3      | Slain by an orc

Illustrated notes

Levels and vault maps discovered:
D:3:      layout_rooms, nicolae_ru_great_annihilating_truth, serial_aquarium,
          aquarium_bridge_square [aquarium_subvault_bridge,
          aquarium_subvault_bridge, aquarium_subvault_wall,
          aquarium_subvault_wall], aquarium_bridge_straight
          [aquarium_subvault_bridge, aquarium_subvault_wall,
          aquarium_subvault_bridge, aquarium_subvault_window],
          aquarium_window_double, aquarium_window_fake, aquarium_view_2c,
          aquarium_view_2c, aquarium_balcony_5b
D:4:      layout_loops_cross, serial_shops, shop, uniq_crazy_yiuf_cottage
D:5:      layout_cave_pods, cheibriados_altar_1, mainiacjoe_overflow_alcove_2,
          minmay_temple_entry_trees, water_boxes_lemuel

Skill      XL: |  1 |
---------------+----+-----
Fighting       | 4 |  4.4
Dodging        | 3 |  3.2
Short Blades   | |  2.1
Stealth        | |  4.5

Action                     || total
---------------------------++-------
  Melee: Short sword       ||    44
         Punch             ||     1
    Use: Scroll            ||     1
   Stab: Sleeping          ||     2
         Paralysed         ||     1
 Armour: Leather armour    ||    11
  Dodge: Dodged            ||    32
